 Dungeon Crawl Stone Soup version 0.17-a0-569-g5c5269f (webtiles) character file.

189 Gunnerkreig the Firebug (level 5, 0/35 HPs)
             Began as a Demonspawn Fire Elementalist on Apr 15, 2015.
             Killed by nerve-wracking pain
             ... invoked by a shadow imp
             ... summoned by Natasha
              (12 damage)
             ... on level 3 of the Dungeon.
             The game lasted 00:14:12 (3174 turns).

Gunnerkreig the Firebug (DsFE)                      Turns: 3174, Time: 00:14:12

Health: 0/35       AC:  2    Str:  9    XL:     5   Next: 40%
Magic:  1/7        EV: 16    Int: 17    God:
Gold:   171        SH:  0    Dex: 13    Spells: 3 memorised, 2 levels left

rFire  . . .     SeeInvis .     p - +0 quarterstaff
rCold  . . .     Clarity  .     a - +0 robe
rNeg   . . .     SustAb   .     (no shield)
rPois  .         Gourm    .     (helmet restricted)
rElec  .         Spirit   .     (no cloak)
rCorr  .         Warding  .     (no gloves)
rMut   .         Stasis   .     (no boots)
MR     .....                    (no amulet)
Stlth  +++.......               m - ring of teleport control
                                i - +4 ring of evasion

@: not resistant to hostile enchantments, fairly stealthy
A: antennae 1, hooves 1, low mp 1, nightstalker 1, sense surroundings 1
a: Evoke Teleport Control


You were on level 3 of the Dungeon.
You were not hungry.

You visited 1 branch of the dungeon, and saw 3 of its levels.

You collected 171 gold pieces.

Inventory:

Hand weapons
 j - a +0 dagger
 p - a +0 quarterstaff (weapon)
Armour
 a - a +0 robe (worn)
 q - a +0 cloak
Jewellery
 i - a +4 ring of evasion (left hand)
 m - a ring of teleport control (right hand)
Scrolls
 k - a scroll of fog {unknown}
 l - a scroll of identify
 s - a scroll of blinking {unknown}
 t - a scroll of enchant armour {unknown}
Potions
 d - 4 potions of curing
 g - a potion of resistance
 o - a potion of ambrosia
Books
 b - a book of Flames

   Spells                             Type                      Level
   a - Flame Tongue                   Conjuration/Fire             1
   b - Throw Flame                    Conjuration/Fire             2
   c - Conjure Flame                  Conjuration/Fire             3
   d - Inner Flame                    Hexes/Fire                   3
   e - Sticky Flame                   Conjuration/Fire             4
   f - Fireball                       Conjuration/Fire             5
 e - a book of Dreams

   Spells                             Type                      Level
   a - Ensorcelled Hibernation        Hexes/Ice                    2
   b - Flight                         Charms/Air                   3
   c - Phase Shift                    Translocation                5
   d - Shadow Creatures               Summoning                    5
   e - Mass Confusion                 Hexes                        6
   f - Darkness                       Hexes                        7
Comestibles
 c - 2 bread rations
 f - 2 beef jerkies
 h - 3 fruits
 n - 3 chunks of flesh


   Skills:
 - Level 1.7 Dodging
 - Level 1.7 Stealth
 - Level 2.0 Spellcasting
 + Level 3.5 Conjurations
 + Level 4.5 Fire Magic


You had 2 spell levels left.
You knew the following spells:

 Your Spells              Type           Power        Failure   Level  Hunger
a - Flame Tongue          Conj/Fire      ###..        3%          1    #......
b - Throw Flame           Conj/Fire      ###...       6%          2    ###....
c - Conjure Flame         Conj/Fire      ###.....     12%         3    ###....


Dungeon Overview and Level Annotations

Branches:
Dungeon (3/15)

Altars:
Elyvilon
Fedhas
Gozag
Kikubaaqudgha
Trog

Annotations:
D:3 Natasha


Innate Abilities, Weirdness & Mutations

You have a pair of small antennae on your head.
You are slightly more attuned to the shadows.
You have large cloven feet.
Your magical capacity is low (-10% MP).
You passively map a small area around you.


Message History

Casting: Flame Tongue
Confirm with . or Enter, or press ? or * to list all spells.
Aiming: Flame Tongue
Press: ? - help, Shift-Dir - straight line, f/p - Natasha
Aim: Natasha (lightly wounded)
The flame tongue hits the shadow imp.
The shadow imp is almost dead.
Natasha casts a spell.
The shadow imp gestures at you. Pain shoots through your body!
Natasha casts a spell.
The crimson imp spits at you. The shadow imp gestures at you.
Pain shoots through your body!
The crimson imp blinks!
Natasha stares at you.
You feel disoriented.
Natasha stares at you and mumbles some strange words.
The magic dart hits you! The shadow imp gestures at you.
Pain shoots through your body!
You die...

###.###......#..#.....#....#
#.##....##...#.......##(..
#.....#.###..##.....###...
#.[##.#.#....##.##### ####
##..##...#.##....# #
#...##..##.####.## #
###*###.#.##.......#..# #
#..##...#..#......[<..#
........#.......@..##.##
#..####.....5......##..##########
### ###.....h.......)..).......
#.....5..#####.##########
#.....##........##
##.#.5########..># ###..#
#.#.######## #..# #.#........g
#..# ##)######..oo


You could see Natasha, 2 crimson imps and a shadow imp.

Vanquished Creatures
  An orc priest (D:3)
  Jessica (D:3)
  3 gnolls (D:3)
  3 adders
  3 worms
  4 orcs
  9 hobgoblins
  2 jackals
  5 kobolds
  11 bats
  A giant cockroach (D:1)
  5 giant geckos
  3 giant newts
  3 goblins
  10 rats
64 creatures vanquished.

Notes
Turn   | Place    | Note
--------------------------------------------------------------
     0 | D:1      | Gunnerkreig, the Demonspawn Fire Elementalist, began the quest for the Orb.
     0 | D:1      | Reached XP level 1. HP: 13/13 MP: 3/3
   173 | D:1      | Reached skill level 3 in Fire Magic
   377 | D:1      | Gained mutation: You have a pair of small antennae on your head. [demonic ancestry]
   377 | D:1      | Reached XP level 2. HP: 19/19 MP: 3/5
   958 | D:1      | Reached XP level 3. HP: 24/24 MP: 4/6
  1233 | D:2      | Found a bloodstained altar of Trog.
  2047 | D:2      | Learned a level 2 spell: Throw Flame
  2051 | D:2      | Learned a level 3 spell: Conjure Flame
  2056 | D:3      | Found a white marble altar of Elyvilon.
  2056 | D:3      | Found a blossoming altar of Fedhas.
  2056 | D:3      | Found an opulent altar of Gozag.
  2056 | D:3      | Found an ancient bone altar of Kikubaaqudgha.
  2274 | D:3      | Gained mutation: You are slightly more attuned to the shadows. [demonic ancestry]
  2274 | D:3      | Reached XP level 4. HP: 30/30 MP: 4/7
  2358 | D:3      | Noticed Jessica
  2364 | D:3      | Killed Jessica
  2364 | D:3      | Reached skill level 4 in Fire Magic
  2666 | D:3      | Reached XP level 5. HP: 12/35 MP: 1/8
  2891 | D:3      | Gained mutation: Your magical capacity is low (-10% MP). [potion of mutation]
  2891 | D:3      | Gained mutation: You passively map a small area around you. [potion of mutation]
  2891 | D:3      | Gained mutation: You have large cloven feet. [potion of mutation]
  3152 | D:3      | Noticed Natasha
  3174 | D:3      | Killed from afar by a shadow imp

Action                   |  1- 3 |  4- 6 || total
-------------------------+-------+-------++-------
Melee: Unarmed           |     8 |       ||     8
       Dagger            |     2 |       ||     2
       Quarterstaff      |     1 |     8 ||     9
 Cast: Flame Tongue      |    71 |    44 ||   115
       Throw Flame       |       |     7 ||     7
       Conjure Flame     |       |     2 ||     2
  Use: Scroll            |     8 |       ||     8
       Potion            |       |     2 ||     2
  Eat: Chunk             |     2 |     1 ||     3
       Meat ration       |     1 |       ||     1
       Pizza             |     1 |       ||     1
